 Dungeon Crawl Stone Soup version 0.28.0-43-g3370ac3207 (webtiles) character file.

Game seed: 4392836356661146704

170 experimilk the Digger (level 5, -2/28 HPs)
             Began as a Gargoyle Earth Elementalist on Mar 5, 2022.
             Killed by divine providence
             ... invoked by an orc priest
              (10 damage)
             ... on level 3 of the Dungeon.
             The game lasted 00:13:57 (3229 turns).

experimilk the Digger (Gargoyle Earth Elementalist) Turns: 3229, Time: 00:13:57

Health: -2/28      AC:  8    Str: 12    XL:     5   Next: 50%
Magic:  9/9        EV: 12    Int: 17    God:
Gold:   47         SH:  0    Dex: 10    Spells: 3/9 levels left

rFire   . . .      SeeInvis .   i - +2 spear (flame)
rCold   . . .      Faith    .   (no shield)
rNeg    + . .      Spirit   .   b - +0 robe
rPois   ∞          Reflect  .   (no helmet)
rElec   +          Harm     .   (no cloak)
rCorr   .          Rampage  .   (no gloves)
Will    .....                   m - +1 pair of boots {Fly}
Stlth   ++........              (no amulet)
HPRegen 0.09/turn               (no ring)
MPRegen 0.11/turn               (no ring)

@: flying
A: sickness immunity, AC +4, negative energy resistance 1, electricity
resistance, torment resistance 1, petrification resistance
a: no special abilities


You were on level 3 of the Dungeon.
You visited 1 branch of the dungeon, and saw 3 of its levels.

You collected 47 gold pieces.

Inventory:

Hand Weapons
 e - a +0 mace
 h - a +0 short sword of protection
 i - a +2 spear of flaming (weapon)
 o - a +0 spear of pain
Missiles
 c - 122 stones
Armour
 b - a +0 robe (worn)
 f - an orb of guile
 m - a +1 pair of boots of flying (worn)
Jewellery
 g - a ring of positive energy
 k - a ring of see invisible
Potions
 a - a potion of brilliance
 n - a potion of mutation {unknown}


   Skills:
 + Level 2.2 Dodging
 - Level 2.1 Stealth
 - Level 0.1 Unarmed Combat
 + Level 2.7 Spellcasting
 - Level 0.7 Transmutations
 * Level 6.2 Earth Magic


You had 3 spell levels left.
You knew the following spells:

 Your Spells              Type           Power      Damage    Failure   Level
a - Sandblast             Erth           46%        2d11      1%          1
b - Passwall              Tmut/Erth      11%        N/A       6%          2
c - Stone Arrow           Conj/Erth      24%        3d8       16%         3

Your spell library contained the following spells:

 Spells                   Type           Power      Damage    Failure   Level
 Wereblood                Tmut           4%         N/A       21%         2
 Petrify                  Tmut/Erth      14%        N/A       38%         4
 Summon Hydra             Summ           1%         N/A       100%        7
 Sublimation of Blood     Necr           Unusable   N/A       N/A         2

Dungeon Overview and Level Annotations

Branches:
Dungeon (3/15)

Altars:


Innate Abilities, Weirdness & Mutations

You are immune to sickness and miasma.
Your stone body is resilient. (AC +4)
You are immune to poison.
You resist negative energy. (rN+)
You are resistant to electric shocks. (rElec)
You are resistant to unholy torment.
You are immune to petrification.


Message History

The goblin shoots a stone.
The stone completely misses you.
The goblin shoots a stone.
The stone closely misses you.
There is a stone staircase leading up here.
You start waiting.
A goblin is nearby!
Casting: Sandblast (safe; 1% risk of failure)
Confirm with . or Enter, or press ? or * to list all spells.
Aiming: Sandblast (safe; 1% risk of failure)
Press: ? - help, Shift-Dir - straight line, f - goblin
Aim: a goblin, wielding a +0 hunting sling and quivering stones (76% to hit)
The blast of sand misses the goblin.
The goblin shoots a stone.
The stone misses you.
Casting: Sandblast (safe; 1% risk of failure)
Confirm with . or Enter, or press ? or * to list all spells.
Aiming: Sandblast (safe; 1% risk of failure)
Press: ? - help, Shift-Dir - straight line, f/p - goblin
Aim: a goblin, wielding a +0 hunting sling and quivering stones (76% to hit)
The blast of sand hits the goblin!
You kill the goblin!
There is a stone staircase leading up here.
You start resting.
Magic restored.
You see here a +0 dagger.
You see here a +0 dagger.
c - 122 stones (gained 20)
Things that are here:
a +0 hunting sling; a +0 dagger The orc priest shouts!
An orc comes into view. It is wielding a +0 trident.
The orc priest invokes the aid of Beogh against you.
Beogh smites you!
The orc shouts!
The orc priest mumbles some strange prayers to Beogh against you.
Pain shoots through your body!
The orc priest calls down the wrath of Beogh upon you.
Beogh smites you!
* * * LOW HITPOINT WARNING * * *
The orc priest calls down the wrath of Beogh upon you.
Beogh smites you!
You die...

#.#.##.# ...#
#.#.##.###..#
#...........# .
###.##.##...####..
#.##.##.....o...
#.##.###...$....
#.##.###...o###.
#.##.....oo.....
#.######@.######
#.# #..# #.# #...#
#.# #.#.# #.#
#.#.# #.# #.#.#
#.# #.#.# #.# #.#
#.#


You could see an orc priest and 3 orcs.

Vanquished Creatures
  9 gnolls
  2 adders
  2 worms (D:2)
  3 dart slugs
  7 ball pythons
  5 bats
  3 endoplasms
  A giant cockroach (D:1)
  5 goblins
  5 hobgoblins
  6 quokkas
  2 frilled lizards (D:2)
  5 kobolds (D:1)
  2 rats (D:1)
57 creatures vanquished.

Notes
Turn   | Place    | Note
-------+----------+-------------------------------------------
     0 | D:1      | experimilk the Gargoyle Earth Elementalist began the quest
                  | for the Orb.
     0 | D:1      | Reached XP level 1. HP: 10/10 MP: 3/3
   119 | D:1      | Reached skill level 4 in Earth Magic
   220 | D:1      | Reached XP level 2. HP: 15/15 MP: 1/5
   326 | D:1      | Learned a level 2 spell: Passwall
   509 | D:1      | Reached XP level 3. HP: 19/19 MP: 4/6
   555 | D:1      | Reached skill level 5 in Earth Magic
   566 | D:1      | Found a faded altar of an unknown god.
   575 | D:1      | Learned a level 3 spell: Stone Arrow
  1803 | D:1      | Reached XP level 4. HP: 20/24 MP: 5/7
  2352 | D:2      | Reached XP level 5. HP: 28/28 MP: 4/8
  2361 | D:1      | Reached skill level 6 in Earth Magic
  3229 | D:3      | Killed from afar by an orc priest

Illustrated notes

Levels and vault maps discovered:
D:1:      giann_wishing_wells, layout_basic, serial_glass, glass_columns_a,
          glass_columns_a, glass_columns_b, glass_columns_b,
          shapermc_ecumenical_altar_pompeii, minmay_tromino_v4_a
D:2:      layout_rooms, minmay_between
D:3:      layout_loops_ring, mainiacjoe_overflow_alcove_1,
          nicolae_uskayaw_en_pointe, serial_shops, nicolae_shop_crystal,
          hangedman_decor_diamond_cutter, minmay_misc_feat_tower,
          kennysheep_generic_room_6

Skill      XL: |  1  2  3  4  5 |
---------------+----------------+-----
Earth Magic    | 4 5 6 |  6.2
Dodging        | 2 |  2.2
Stealth        | |  2.1
Unarmed Combat | |  0.1
Spellcasting   | |  2.7
Transmutations | |  0.7

Action                   |  1- 3 |  4- 6 || total
-------------------------+-------+-------++-------
Melee: Unarmed           |     7 |       ||     7
       Mace              |     5 |       ||     5
       Spear             |     3 |    10 ||    13
 Cast: Sandblast         |    41 |    32 ||    73
       Passwall          |     2 |       ||     2
       Stone Arrow       |     2 |     6 ||     8
  Use: Scroll            |       |     4 ||     4
 Stab: Sleeping          |       |     1 ||     1
Armor: Robe              |    11 |    10 ||    21
Dodge: Dodged            |    20 |    11 ||    31
